 Dungeon Crawl Stone Soup version 0.17.1-1-g73c8601 (webtiles) character file.

343 Peloso the Covered (level 6, 0/56 HPs)
             Began as a Minotaur Fighter on Dec 31, 2015.
             Slain by a wight
             ... wielding a cursed +3 short sword
              (5 damage)
             ... on level 3 of the Dungeon.
             The game lasted 00:05:13 (1652 turns).

Peloso the Covered (Minotaur Fighter)               Turns: 1652, Time: 00:05:13

Health: 0/56       AC: 14    Str: 22    XL:     6   Next: 31%
Magic:  5/5        EV:  4    Int:  5    God:
Gold:   70         SH: 10    Dex: 10    Spells: 0 memorised, 5 levels left

rFire  . . .     SeeInvis .     a - +1 long sword
rCold  . . .     Clarity  .     p - +0 plate armour
rNeg   + . .     SustAt   .     c - +0 shield
rPois  .         Gourm    .     (helmet restricted)
rElec  .         Spirit   .     m - +0 cloak
rCorr  .         Warding  .     (no gloves)
rMut   .         Stasis   .     t - +0 pair of boots
MR     +....                    (no amulet)
Stlth  ..........               h - ring of positive energy
                                n - ring of protection from magic

@: drained, somewhat resistant to hostile enchantments, extremely unstealthy
A: retaliatory headbutt, horns 2
a: no special abilities


You were on level 3 of the Dungeon.
You were not hungry.

You visited 1 branch of the dungeon, and saw 3 of its levels.

You collected 70 gold pieces.

Inventory:

Hand Weapons
 a - a +1 long sword (weapon)
Armour
 b - a +0 scale mail
 c - a +0 shield (worn)
 m - a +0 cloak (worn)
 o - a +0 chain mail
 p - a +0 plate armour (worn)
 t - a +0 pair of boots (worn)
Jewellery
 g - an uncursed ring of fire
 h - a ring of positive energy (right hand)
 n - a ring of protection from magic (left hand)
Scrolls
 k - 2 scrolls of teleportation
 v - a scroll of noise {unknown}
Potions
 d - a potion of might
 f - 2 potions of magic
 i - 2 potions of flight {unknown}
 j - a potion of agility {unknown}
 r - 2 potions of curing {unknown}
 s - a potion of mutation {unknown}
 u - a potion of poison {unknown}
Comestibles
 e - 2 bread rations
 l - 2 fruits
 q - a beef jerky


   Skills:
 + Level 5.2(5.0) Fighting
 + Level 3.9(3.7) Long Blades
 + Level 5.6(5.4) Armour
 + Level 0.2(0.0) Dodging
 + Level 5.4(5.2) Shields


You had 5 spell levels left.
You didn't know any spells.

Dungeon Overview and Level Annotations

Branches:
Dungeon (3/15)

Altars:
Elyvilon
Makhleb


Innate Abilities, Weirdness & Mutations

You reflexively headbutt those who attack you in melee.
You have a pair of horns on your head.


Message History

The wight is moderately damaged.
The wight hits you but does no damage.
The wight hits you from afar with a trident!
* * * LOW HITPOINT WARNING * * *
You partially resist.
You feel drained.
* * * LOW HITPOINT WARNING * * *
You hit the wight but do no damage.
The wight is moderately damaged.
You block the wight's attack. The wight hits you but does no damage.
The wight hits you but does no damage.
Unknown command.
Your shield and plate armour prevent you from hitting the wight.
The wight is moderately damaged.
You block the wight's attack. The wight hits you but does no damage.
Unknown command.
You closely miss the wight. Your headbutt misses the wight.
The wight is moderately damaged.
You block the wight's attack.
The wight hits you with an enchanted short sword.
You die...

#.# #.# #.#
##########.####.#
................#
# #...###.#### #.
#...)......#
#.z##..###.##.#
#..z@..# #.##.#
#.####.# #....#
#.###.####
#..##.# ##.##.#
#.##.# #.##.#
#.##.# #.##.#


You could see 2 wights.

Vanquished Creatures
  Sigmund (D:2)
  3 wights (D:3)
  A crimson imp (D:2)
  A gnoll (D:1)
  An orc (D:3)
  3 bats (D:2)
  3 giant cockroaches
  5 goblins
  2 hobgoblins
  2 kobolds
  A giant newt (D:2)
  6 rats
29 creatures vanquished.

Notes
Turn   | Place    | Note
--------------------------------------------------------------
     0 | D:1      | Peloso the Minotaur Fighter began the quest for the Orb.
     0 | D:1      | Reached XP level 1. HP: 19/19 MP: 0/0
   432 | D:1      | Reached XP level 2. HP: 27/27 MP: 1/1
   583 | D:1      | Reached skill level 4 in Fighting
   837 | D:2      | Found a white marble altar of Elyvilon.
   950 | D:2      | Noticed Sigmund
   959 | D:2      | Reached XP level 3. HP: 23/33 MP: 2/2
   966 | D:2      | Killed Sigmund
   966 | D:2      | Reached skill level 5 in Armour
   966 | D:2      | Reached skill level 5 in Shields
   966 | D:2      | Reached XP level 4. HP: 11/41 MP: 3/3
   966 | D:2      | Reached XP level 5. HP: 12/47 MP: 4/4
  1398 | D:2      | Found a burning altar of Makhleb.
  1548 | D:3      | Reached skill level 5 in Fighting
  1615 | D:3      | Reached XP level 6. HP: 28/56 MP: 5/5
  1652 | D:3      | Slain by a wight

Action                   |  1- 3 |  4- 6 || total
-------------------------+-------+-------++-------
Melee: Long sword        |    48 |    53 ||   101
  Use: Scroll            |     3 |     2 ||     5
  Eat: Chunk             |       |     2 ||     2
